 Dungeon Crawl Stone Soup version 0.24.0-123-gd5b16e6ec5 (webtiles) character file.

Game seed: 7374069303884226708, levelgen mode: deterministic

395 Peloso the Shield-Bearer (level 6, -1/53 HPs)
             Began as a Minotaur Fighter on Dec 23, 2019.
             Slain by an orc warrior
             ... wielding a +0 short sword
              (2 damage)
             ... on level 6 of the Dungeon.
             The game lasted 00:04:37 (1704 turns).

Peloso the Shield-Bearer (Minotaur Fighter)         Turns: 1704, Time: 00:04:37

Health: -1/53      AC: 12    Str: 21    XL:     6   Next: 52%
Magic:  5/5        EV:  4    Int:  5    God:
Gold:   114        SH: 10    Dex: 11    Spells: 5/5 levels left

rFire    . . .     SeeInvis .   a - +0 long sword
rCold    . . .     Gourm    .   c - +0 shield
rNeg     . . .     Faith    .   h - +0 plate armour
rPois    .         Spirit   .   (helmet restricted)
rElec    .         Reflect  .   (no cloak)
rCorr    .         Harm     .   (no gloves)
MR       .....                  (no boots)
Stlth    ..........             (no amulet)
HPRegen  0.17/turn              (no ring)
MPRegen  0.09/turn              (no ring)

@: no status effects
A: retaliatory headbutt, horns 2
a: no special abilities


You were on level 6 of the Dungeon.
You were not hungry.

You visited 1 branch of the dungeon, and saw 4 of its levels.

You collected 114 gold pieces.

Inventory:

Hand Weapons
 a - a +0 long sword (weapon)
Armour
 b - a +0 scale mail
 c - a +0 shield (worn)
 h - a +0 plate armour (worn)
Wands
 e - a wand of random effects (13)
 p - a wand of acid (3)
Scrolls
 i - a scroll of remove curse
 j - a scroll of teleportation
 k - a scroll of identify
 l - 2 scrolls of amnesia {unknown}
Potions
 d - 2 potions of might
 m - a potion of curing
Comestibles
 f - 4 rations
 g - 6 chunks of flesh


   Skills:
 + Level 4.5 Fighting
 + Level 5.4 Long Blades
 + Level 5.0 Armour
 + Level 0.4 Dodging
 + Level 5.9 Shields


You had 5 spell levels left.
You didn't know any spells.
Your spell library was empty.

Dungeon Overview and Level Annotations

Branches:
Dungeon (3/15)

Altars:
Nemelex Xobeh
Sif Muna
Xom


Innate Abilities, Weirdness & Mutations

You reflexively headbutt those who attack you in melee.
You have a pair of horns on your head.


Message History

You kill the orc!
You block the orc's attack. You block the orc warrior's attack.
Your shield prevents you from hitting the orc.
You headbutt the orc, but do no damage.
The orc is severely wounded.
The orc warrior hits you with a +0 short sword.
You block the orc's attack.
You slash the orc!
You kill the orc!
You block the orc warrior's attack.
The orc warrior hits you with a +0 short sword!
* * * LOW HITPOINT WARNING * * *
Items here: )) ? [ †† You hit the orc warrior.
Your headbutt misses the orc warrior.
The orc warrior is lightly wounded.
You block the orc warrior's attack.
You hit the orc warrior but do no damage.
The orc warrior is lightly wounded.
The orc warrior hits you with a +0 short sword.
You die...

............#
####.....##.######
#.####.#.......
#.# #.#........
#.# ##.########
#.####.## #
###.......#
#.###.#.#####.#
#..o@#..# #(#
#..)....# #.(
#.###.#.# #... #
#.#.# #..## #.#..
..## #.##.# .##
#.# .# #.# .# #.#


You could see an orc warrior.

Vanquished Creatures
  A wyvern zombie (D:6)
  2 orc priests (D:6)
  A bullfrog zombie (D:6)
  An orc wizard (D:6)
  Jessica (D:2)
  Natasha (D:3)
  3 gnolls
  3 adders
  An ooze (D:2)
  A worm (D:3)
  A dart slug (D:2)
  4 leopard geckos
  14 orcs
  3 ball pythons
  4 giant cockroaches
  8 goblins
  7 hobgoblins
  2 jackals (D:3)
  3 quokkas
  9 bats
  3 frilled lizards (D:2)
  10 kobolds
  9 rats
92 creatures vanquished.

Notes
Turn   | Place    | Note
-------+----------+-------------------------------------------
     0 | D:1      | Peloso the Minotaur Fighter began the quest for the Orb.
     0 | D:1      | Reached XP level 1. HP: 19/19 MP: 0/0
    87 | D:1      | Reached XP level 2. HP: 18/27 MP: 1/1
   531 | D:2      | Reached XP level 3. HP: 33/33 MP: 2/2
   676 | D:2      | Found a shimmering blue altar of Sif Muna.
   729 | D:2      | Found a shimmering altar of Xom.
   772 | D:1      | Reached XP level 4. HP: 32/40 MP: 3/3
   801 | D:2      | Found a sparkling altar of Nemelex Xobeh.
   978 | D:2      | Noticed Jessica
   981 | D:2      | Killed Jessica
  1387 | D:3      | Reached XP level 5. HP: 45/46 MP: 4/4
  1468 | D:3      | Noticed Natasha
  1475 | D:3      | Killed Natasha
  1475 | D:3      | Reached skill level 5 in Shields
  1503 | D:3      | You fall into a shaft and drop 3 floors!
  1646 | D:6      | Reached XP level 6. HP: 53/53 MP: 5/5
  1657 | D:6      | Reached skill level 5 in Long Blades
  1688 | D:6      | Noticed an orc warrior
  1697 | D:6      | Reached skill level 5 in Armour
  1702 | D:6      | HP: 1/53 [orc warrior/+0 short sword (16)]
  1704 | D:6      | Slain by an orc warrior

Levels and vault maps discovered:
D:1:      lightli_arrival_windingriver, layout_loops_ring
D:2:      layout_basic, led_sif_pool, nicolae_overflow_hidden_temple,
          xom_teletrap_fun, small_statue_intersection, grunt_ministairs_15,
          uniq_jessica
D:3:      wad_pebble_path, layout_loops_ring, fedhas_altar_3,
          gup_sewer_entry_spiral, uniq_natasha, uniq_grinder
D:6:      layout_loops_ring, gammafunk_ghost_smash,
          chequers_serial_rivers_micro_e, grunt_dithmenos_shadows

Skill      XL: |  1  2  3  4  5  6 |
---------------+-------------------+-----
Armour         | 4 5 |  5.0
Shields        | 4 5 |  5.9
Long Blades    | 3 4 5 |  5.4
Fighting       | 4 |  4.5
Dodging        | |  0.4

Action                   |  1- 3 |  4- 6 || total
-------------------------+-------+-------++-------
Melee: Long sword        |   105 |   175 ||   280
       Headbutt          |    16 |    27 ||    43
  Use: Potion            |       |     2 ||     2
       Scroll            |       |     6 ||     6
  Eat: Chunk             |       |     3 ||     3
Armor: Scale mail        |    21 |       ||    21
       Plate armour      |    52 |   112 ||   164
Dodge: Dodged            |    17 |    32 ||    49
Block: Shield            |    75 |   126 ||   201
       Rpst.: Long sword |     1 |     7 ||     8
